 Dungeon Crawl Stone Soup version 0.18.1-48-g4cf74bf (webtiles) character file.

11307 Laphicet the Fighter (level 11, -4/95 HPs)
             Began as a Mottled Draconian Earth Elementalist on Sept 6, 2016.
             Was a Priest of Qazlal.
             Slain by a minotaur
             ... wielding a +3 lightning rod (0/9)
              (15 damage)
             ... in a labyrinth.
             The game lasted 00:56:57 (18672 turns).

Laphicet the Fighter (DrEE)                        Turns: 18672, Time: 00:56:58

Health: -4/95      AC: 13    Str: 15    XL:     11   Next: 47%
Magic:  21/31      EV: 23    Int: 17    God:    Qazlal [***...]
Gold:   626        SH:  4    Dex: 20    Spells: 7 memorised, 5 levels left

rFire  . . .     SeeInvis .     s - +2 quarterstaff (chaos)
rCold  + . .     Gourm    .     (armour unavailable)
rNeg   . . .     Faith    .     (shield currently unavailable)
rPois  .         Spirit   .     (helmet restricted)
rElec  .         Dismiss  .     w - +2 cloak
rCorr  .         Reflect  .     (no gloves)
SustAt .         Harm     .     k - +2 pair of boots
MR     .....                    o - amulet of magic regeneration
Stlth  +++.......               A - ring of protection from cold
                                l - ring of Taeboec {MP+9 Str+3 Dex+3}

@: agile, about to teleport, short of breath, repel missiles, not resistant to
hostile enchantments, fairly stealthy
A: breathe sticky flame splash, unfitting armour, blink, mutation resistance 1,
slow regeneration 1, cold-blooded, AC +7
a: Breathe Sticky Flame, Blink, Upheaval, Elemental Force, Renounce Religion


You were in a labyrinth.
You worshipped Qazlal.
Qazlal was most pleased with you.
You were not hungry.

You visited 3 branches of the dungeon, and saw 14 of its levels.
You also visited: Labyrinth.

You collected 626 gold pieces.

Inventory:

Hand Weapons
 s - a +2 quarterstaff of chaos (weapon)
 t - the +1 spear "Orb Guardian's Curse" {flame, Int+3}
   (You found it on level 5 of the Dungeon)

   It has been specially enchanted to burn those struck by it, causing extra
   injury to most foes and up to half again as much damage against particularly
   susceptible opponents.
   It affects your intelligence (+3).
 I - the +8 trident of the Apocalypse {antimagic, Str+3 Dex+5}
   (You found it on level 9 of the Dungeon)

   It disrupts the flow of magical energy around spellcasters and certain
   magical creatures (including the wielder).
   It affects your strength (+3).
   It affects your dexterity (+5).
Missiles
 a - 123 stones (quivered)
Armour
 e - a +1 buckler
 k - a +2 pair of boots (worn)
 w - a +2 cloak (worn)
Jewellery
 d - the ring "Vin Ici" {rN+ Dex+3}
   (You found it on level 12 of the Dungeon)

   [ring of dexterity]

   It affects your dexterity (+3).
   It protects you from negative energy.
 i - an uncursed ring of ice
 j - an uncursed ring of protection from fire
 l - the ring of Taeboec (left hand) {MP+9 Str+3 Dex+3}
   (You found it on level 8 of the Dungeon)

   [ring of magical power]

   It affects your strength (+3).
   It affects your dexterity (+3).
   It affects your magic capacity (+9).
 o - an amulet of magic regeneration (around neck)
 A - a ring of protection from cold (right hand)
Wands
 p - a wand of polymorph (1/24)
 r - a wand of slowing (27/48)
 x - a wand of confusion (8/48)
 z - a wand of digging (6/24)
 D - a wand of paralysis (9/24)
 J - a wand of polymorph (16/24)
Scrolls
 u - a scroll of teleportation
 v - a scroll of enchant armour
 y - a scroll of remove curse
 H - a scroll of fear
Potions
 h - 2 potions of flight
 n - a potion of curing
 q - a potion of cure mutation
Books
 b - a book of Geomancy

   Spells                             Type                      Level
   a - Sandblast                      Earth                        1
   b - Passwall                       Transmutation/Earth          2
   c - Stone Arrow                    Conjuration/Earth            3
   d - Petrify                        Transmutation/Earth          4
   e - Lee's Rapid Deconstruction     Earth                        5
 g - a book of Minor Magic

   Spells                             Type                      Level
   a - Magic Dart                     Conjuration                  1
   b - Blink                          Translocation                2
   c - Call Imp                       Summoning                    2
   d - Repel Missiles                 Charms/Air                   2
   e - Slow                           Hexes                        2
   f - Conjure Flame                  Conjuration/Fire             3
   g - Mephitic Cloud                 Conjuration/Poison/Air       3
 E - a book of Death

   Spells                             Type                      Level
   a - Corpse Rot                     Necromancy                   2
   b - Sublimation of Blood           Necromancy                   2
   c - Agony                          Necromancy                   5
   d - Dispel Undead                  Necromancy                   5
   e - Excruciating Wounds            Charms/Necromancy            5
   f - Bolt of Draining               Conjuration/Necromancy       5
Comestibles
 c - 6 bread rations
 f - 2 meat rations
 m - 8 royal jellies
 C - 2 fruits


   Skills:
 + Level 8.6 Fighting
 + Level 5.6 Staves
 + Level 7.4 Dodging
 - Level 5.6 Stealth
 + Level 7.7 Spellcasting
 - Level 1.0 Transmutations
 + Level 8.1 Earth Magic
 + Level 5.8 Invocations


You had 5 spell levels left.
You knew the following spells:

 Your Spells              Type           Power        Failure   Level  Hunger
a - Stone Arrow           Conj/Erth      ###...       8%          3    #......
b - Blink                 Tloc           N/A          21%         2    None
d - Sandblast             Erth           ####..       1%          1    None
l - Lee's Rapid Deconstr  Erth           ####......   12%         5    #####..
m - Mephitic Cloud        Conj/Pois/Air  #.......     38%         3    #......
p - Petrify               Trmt/Erth      ###.....     17%         4    ###....
R - Repel Missiles        Chrm/Air       #.....       21%         2    None


Dungeon Overview and Level Annotations

Branches:
Dungeon (12/15)            Temple (1/1) D:5            Lair (1/8) D:8
    Orc (0/2) D:12

Altars:
Ashenzari
Cheibriados
Dithmenos
Elyvilon
Fedhas
Gozag
Kikubaaqudgha
Makhleb
Nemelex Xobeh
Okawaru
Pakellas
Qazlal
Ru
Sif Muna
Trog
Vehumet
Xom
Yredelemnul
Zin
The Shining One


Innate Abilities, Weirdness & Mutations

You can spit globs of burning liquid.
You can ignite nearby creatures when you spit burning liquid.
Your weird mottled scales are hard (AC +7).
Your body does not fit into most forms of armour.
You are cold-blooded and may be slowed by cold attacks.
You can translocate small distances at will.
You are somewhat resistant to further mutation.
You regenerate slowly when monsters are visible.


Message History

The minotaur burns!
The minotaur stops burning.
Aiming: Upheaval
Press: ? - help, Dir - move target cursor, f/p - minotaur
Aim: a minotaur, wielding a lightning rod, wearing a chain mail and wearing a marble ring (severely wounded) Magma suddenly erupts from the ground!
The blast of magma engulfs the minotaur.
The minotaur is severely wounded.
Drink which item? (? for menu, Esc to quit)
You feel much better. The minotaur barely misses you. x2
The minotaur hits you with a lightning rod!!
* * * LOW HITPOINT WARNING * * *
The minotaur barely misses you.
Drink which item? (? for menu, Esc to quit)
Okay, then.
Read which item? (? for menu, Esc to quit)
As you read the scroll of teleportation, it crumbles to dust.
You feel strangely unstable. The minotaur misses you.
The minotaur closely misses you.
The minotaur hits you with a lightning rod!
You die...

# # # #.# .#
#.#########.# .
#....@H.....#
#.#####.#####.#.###
# ..............#.#
#.##.##########.# #
. #≈≈ # .. #.# #
##.# < #..### # ..
.. .. #. ....# ## #
#### .# . . . . .
#.. .#


You could see a minotaur.

Vanquished Creatures
  Pikel (D:4)
  2 hill giants
  The ghost of Biblin the Firebug, a novice GrFE (D:7)
  A komodo dragon (D:8)
  2 trolls
  A two-headed ogre (D:8)
  2 redbacks (Lab)
  5 yaks (D:12)
  A wyvern (D:9)
  2 hippogriffs
  4 hungry ghosts (Lab)
  3 water moccasins
  5 orc warriors
  A swamp drake (shapeshifter) (D:7)
  2 ice beasts
  A slave (D:5)
  2 phantoms
  A wasp (D:7)
  5 sky beasts
  3 necrophages
  3 centaurs
  7 ogres
  A crocodile (D:10)
  3 big kobolds
  11 giant frogs
  A water moccasin zombie (D:9)
  3 scorpions
  A wyvern skeleton (D:10)
  5 killer bees (D:10)
  6 wights
  5 howler monkeys (D:9)
  A centaur zombie (D:7)
  4 crimson imps
  3 giant frog zombies
  A quasit (D:7)
  6 orc priests
  8 hounds
  5 jellies
  Crazy Yiuf (D:6)
  A centaur skeleton (D:6)
  A giant frog skeleton (D:6)
  4 iguanas
  10 orc wizards
  9 worker ants
  2 killer bee zombies (D:10)
  A hound skeleton (D:9)
  11 gnolls
  11 adders
  3 shadow imps
  A white imp (D:11)
  7 oozes
  3 adder skeletons
  2 worms (D:3)
  9 giant geckos
  44 orcs
  2 ball pythons
  5 bats
  5 giant cockroaches
  11 hobgoblins
  10 jackals
  A giant cockroach zombie (D:5)
  A giant gecko skeleton (D:3)
  5 giant newts
  3 goblins
  20 kobolds
  An orc zombie (D:12)
  A quokka zombie (D:9)
  6 rats
  A plant (D:10)
311 creatures vanquished.

Vanquished Creatures (others)
  A slave (D:4)
  A plant (D:8)
2 creatures vanquished.

Grand Total: 313 creatures vanquished

Notes
Turn   | Place    | Note
--------------------------------------------------------------
     0 | D:1      | Laphicet the Draconian Earth Elementalist began the quest for the Orb.
     0 | D:1      | Reached XP level 1. HP: 14/14 MP: 3/3
   114 | D:1      | Found a sparkling altar of Nemelex Xobeh.
   369 | D:1      | Reached XP level 2. HP: 18/20 MP: 0/5
  1586 | D:2      | Reached XP level 3. HP: 24/27 MP: 4/6
  2205 | D:2      | Noticed a black bear
  2602 | D:3      | Reached XP level 4. HP: 34/34 MP: 8/8
  2959 | D:3      | Reached skill level 1 in Fighting
  3414 | D:3      | Found an oddly glowing altar of Pakellas.
  3424 | D:3      | Found a bloodstained altar of Trog.
  3427 | D:3      | Found a deep blue altar of Sif Muna.
  3749 | D:3      | Reached XP level 5. HP: 33/41 MP: 0/9
  5315 | D:4      | Learned a level 3 spell: Stone Arrow
  5420 | D:4      | Found a snail-covered altar of Cheibriados.
  6080 | D:4      | Reached XP level 6. HP: 48/50 MP: 11/11
  6353 | D:5      | Entered Level 5 of the Dungeon
  6358 | D:5      | Got a transparent spear
  6363 | D:5      | Noticed a sky beast
  6559 | D:5      | Your scales start taking on a weird mottled colour.
  6559 | D:5      | Reached XP level 7. HP: 56/57 MP: 2/12
  7120 | D:5      | Noticed Pikel
  7219 | D:4      | Killed Pikel
  7219 | D:4      | Reached skill level 5 in Earth Magic
  7219 | D:4      | Reached XP level 8. HP: 37/67 MP: 4/15
  7250 | D:4      | Reached skill level 5 in Stealth
  7684 | D:4      | Reached skill level 5 in Fighting
  7684 | D:4      | Reached skill level 5 in Spellcasting
  7745 | D:4      | HP: 3/68 [orc priest/nerve-wracking pain (14)]
  8280 | D:3      | Identified the +1 spear "Orb Guardian's Curse" {flame, Int+3} (You found it on level 5 of the Dungeon)
  8403 | D:5      | Found a staircase to the Ecumenical Temple.
  8409 | Temple   | Entered the Ecumenical Temple
  8681 | Temple   | Became a worshipper of Qazlal Stormbringer
  8802 | D:5      | Learned a level 4 spell: Petrify
  8808 | D:5      | Learned a level 5 spell: Lee's Rapid Deconstruction
  9330 | D:6      | Reached skill level 5 in Dodging
  9661 | D:6      | Reached XP level 9. HP: 61/74 MP: 16/16
  9828 | D:6      | Noticed Crazy Yiuf
  9835 | D:6      | Killed Crazy Yiuf
  9847 | D:6      | Gained mutation: Your mind is acute. (Int +2) [mutagenic meat]
  9848 | D:6      | Gained mutation: You can translocate small distances at will. [mutagenic meat]
 10257 | D:6      | Reached skill level 1 in Staves
 10414 | D:6      | Reached * piety under Qazlal
 11069 | D:7      | Reached skill level 1 in Invocations
 11364 | D:7      | Gained mutation: You are somewhat resistant to further mutation. [mutagenic meat]
 11365 | D:7      | Gained mutation: You are weak. (Str -2) [mutagenic meat]
 11366 | D:7      | Gained mutation: You regenerate slowly when monsters are visible. [mutagenic meat]
 11523 | D:7      | Lost mutation: Your mind is acute. (Int +2) [potion of cure mutation]
 11523 | D:7      | Lost mutation: You are weak. (Str -2) [potion of cure mutation]
 11768 | D:7      | Found a glowing silver altar of Zin.
 11768 | D:7      | Noticed Biblin's ghost (novice GrFE)
 11851 | D:7      | Killed Biblin's ghost
 11851 | D:7      | Reached XP level 10. HP: 9/84 MP: 19/19
 13411 | D:8      | Found a staircase to the Lair.
 13453 | D:8      | Reached ** piety under Qazlal
 13523 | D:8      | Noticed a hill giant
 13537 | D:8      | Killed a hill giant
 13751 | D:8      | Got a clouded granite ring
 14239 | D:9      | You fall through a shaft for 3 floors!
 14330 | D:11     | Noticed a hill giant
 14404 | D:12     | Killed a hill giant
 14509 | D:12     | Found a snail-covered altar of Cheibriados.
 14536 | D:12     | Noticed a death knight
 14536 | D:12     | Noticed a phantasmal warrior
 14536 | D:12     | Noticed a phantasmal warrior
 14536 | D:12     | Noticed a phantasmal warrior
 14545 | D:12     | Got a scorched marble ring
 14546 | D:12     | Identified the ring of Taeboec {MP+9 Str+3 Dex+3} (You found it on level 8 of the Dungeon)
 14547 | D:12     | Identified the ring "Vin Ici" {rN+ Dex+3} (You found it on level 12 of the Dungeon)
 14566 | D:12     | Found a staircase to the Orcish Mines.
 14608 | D:10     | Entered Level 10 of the Dungeon
 14900 | D:10     | Reached skill level 5 in Invocations
 14900 | D:10     | Reached XP level 11. HP: 41/94 MP: 21/21
 14988 | D:10     | Reached *** piety under Qazlal
 15603 | D:10     | Learned a level 2 spell: Blink
 15606 | D:10     | Learned a level 2 spell: Repel Missiles
 15611 | D:10     | Learned a level 3 spell: Mephitic Cloud
 15701 | D:10     | Reached skill level 5 in Staves
 16032 | D:10     | Found a sacrificial altar of Ru.
 16240 | D:9      | Got a translucent trident
 16241 | D:9      | Identified the +8 trident of the Apocalypse {antimagic, Str+3 Dex+5} (You found it on level 9 of the Dungeon)
 16588 | D:9      | Found a shadowy altar of Dithmenos.
 16593 | D:9      | Found a shimmering altar of Xom.
 16598 | D:9      | Found a white marble altar of Elyvilon.
 16731 | D:9      | Found a burning altar of Makhleb.
 16880 | D:9      | Reached **** piety under Qazlal
 17498 | Lair:1   | Entered Level 1 of the Lair of Beasts
 17557 | Lair:1   | Found a labyrinth entrance.
 17563 | Lab      | Entered a labyrinth
 18630 | Lab      | Noticed a minotaur
 18672 | Lab      | Slain by a minotaur

Skill      XL: |  1  2  3  4  5  6  7  8  9 10 11 |
---------------+----------------------------------+-----
Stealth        | 2 3 4 5 |  5.6
Dodging        | 2 3 4 5 6 7 |  7.4
Fighting       | 1 2 3 4 5 6 7 8 |  8.6
Spellcasting   | 3 4 5 6 7 |  7.7
Earth Magic    | 4 5 6 7 8 |  8.1
Staves         | 3 4 5 |  5.6
Invocations    | 2 5 |  5.8
Transmutations | |  1.0

Action                   |  1- 3 |  4- 6 |  7- 9 | 10-12 || total
-------------------------+-------+-------+-------+-------++-------
Melee: Short sword       |   102 |   155 |       |       ||   257
       Tailslap          |    10 |    15 |    28 |    60 ||   113
       Spear             |       |     2 |   152 |       ||   154
       Quarterstaff      |       |       |   160 |   394 ||   554
Throw: Stone             |       |       |       |     1 ||     1
 Cast: Sandblast         |    27 |    69 |       |       ||    96
       Stone Arrow       |       |    23 |    83 |    99 ||   205
       Petrify           |       |       |       |     1 ||     1
       Repel Missiles    |       |       |       |     1 ||     1
Invok: Upheaval          |       |       |       |     3 ||     3
 Abil: Breathe Sticky Fl |       |       |    32 |    22 ||    54
       Blink             |       |       |       |     1 ||     1
Evoke: Wand              |       |       |       |     7 ||     7
  Use: Scroll            |     2 |     7 |     4 |    13 ||    26
       Potion            |       |     1 |    10 |     9 ||    20
 Stab: Sleeping          |     2 |     3 |     5 |       ||    10
       Petrifying        |       |       |     1 |     3 ||     4
       Paralysed         |       |       |       |     4 ||     4
       Confused          |       |       |       |     3 ||     3
  Eat: Chunk             |     5 |    12 |    26 |    25 ||    68
       Beef jerky        |       |     1 |     3 |     1 ||     5
       Meat ration       |       |     1 |       |       ||     1
       Pizza             |       |       |       |     3 ||     3
       Royal jelly       |       |       |       |     2 ||     2
       Fruit             |       |       |       |     1 ||     1
Armor: Skin              |    35 |    43 |   123 |   167 ||   368
Dodge: Dodged            |    92 |   144 |   353 |   409 ||   998
       Deflected         |       |       |       |     1 ||     1
Block: Other             |       |       |    12 |    68 ||    80
